 Dungeon Crawl Stone Soup version 0.26.1-2-gb8aa6d0cf2 (webtiles) character file.

Game seed: 9457682702126421430

60 jmmainvi the Digger (level 4, -5/24 HPs)
             Began as a Gargoyle Earth Elementalist on Feb 13, 2021.
             Killed by divine providence
             ... invoked by an orc priest
              (12 damage)
             ... on level 3 of the Dungeon.
             The game lasted 00:03:52 (2548 turns).

jmmainvi the Digger (Gargoyle Earth Elementalist)   Turns: 2548, Time: 00:03:53

Health: -5/24      AC:  5    Str: 12    XL:     4   Next: 4%
Magic:  3/7        EV: 12    Int: 16    God:
Gold:   66         SH:  0    Dex: 10    Spells: 7/8 levels left

rFire    . . .     SeeInvis .   j - +0 trident
rCold    . . .     Faith    .   (no shield)
rNeg     + . .     Spirit   .   c - +0 robe
rPois    ∞         Reflect  .   (no helmet)
rElec    +         Harm     .   (no cloak)
rCorr    .         Rampage  .   (no gloves)
Will     .....                  (no boots)
Stlth    ++........             (no amulet)
HPRegen  0.08/turn              (no ring)
MPRegen  0.10/turn              (no ring)

@: no status effects
A: negative energy resistance 1, electricity resistance, unbreathing,
petrification resistance, miasma immunity, AC +3
a: no special abilities


You were on level 3 of the Dungeon.
You visited 1 branch of the dungeon, and saw 3 of its levels.

You collected 66 gold pieces.

Inventory:

Hand Weapons
 j - a +0 trident (weapon)
Missiles
 b - 57 stones
 h - 16 sling bullets
Armour
 c - a +0 robe (worn)
Scrolls
 d - 8 scrolls of identify {unknown}
 g - a scroll of enchant armour {unknown}
 i - a scroll of remove curse {unknown}
 l - a scroll of fog {unknown}
Potions
 a - a potion of might {unknown}
 e - a potion of curing {unknown}
 f - 2 potions of resistance {unknown}
 k - a potion of magic {unknown}
 m - 2 potions of heal wounds {unknown}


   Skills:
 - Level 1.5 Dodging
 - Level 2.1 Stealth
 + Level 2.6 Spellcasting
 - Level 1.0 Transmutations
 * Level 5.2 Earth Magic


You had 7 spell levels left.
You knew the following spells:

 Your Spells              Type           Power        Failure   Level
a - Sandblast             Erth           36%          2%          1

Your spell library contained the following spells:

 Spells                   Type           Power        Failure   Level
 Passwall                 Tmut/Erth      10%          9%          2
 Stone Arrow              Conj/Erth      20%          21%         3
 Petrify                  Tmut/Erth      12%          47%         4
 Lee's Rapid Deconstruct  Erth           9%           54%         5


Dungeon Overview and Level Annotations

Branches:
Dungeon (3/15)

Altars:


Innate Abilities, Weirdness & Mutations

You are resistant to torment.
Your stone body is resilient. (AC +3)
You are immune to poison.
You resist negative energy. (rN+)
You are resistant to electric shocks. (rElec)
You can survive without breathing.
You are immune to petrification.
You are immune to miasma.


Message History

Beogh smites you! The quokka completely misses you.
You miss the quokka. The quokka closely misses you.
The orc hits you with a +0 hand axe. The quokka bites you.
* * * LOW HITPOINT WARNING * * *
You hit the quokka.
You kill the quokka!
The orc priest looks satisfied for a moment.
The orc hits you but does no damage.
Casting: Sandblast (safe; 2% risk of failure)
Confirm with . or Enter, or press ? or * to list all spells.
Aiming: Sandblast (safe; 2% risk of failure)
Press: ? - help, Shift-Dir - straight line, f - orc priest
Aim: an orc priest, wielding a +0 hand axe (21% to evade)
The blast of sand hits the orc priest!
The orc priest is severely wounded.
The orc barely misses you.
The orc priest mumbles some strange prayers to Beogh against you.
Beogh smites you!
Ouch! That really hurt!
You die...

#.#.#....##......####
#o#.#.#####..(...#
#.#†#.# #......#
#o#.#.# #......#
#.#.#o# #......#
#.#.#.# #......#
#o#.#.# ########
#.#.# ####### #.#.#
#@....#
#.#'#####†o...#
#.....o.o.....#
#.............#
#.............#
#..[..........#
#.............#
#..........(..#
#..............#


You could see an orc priest and an orc.

Vanquished Creatures
  An orc priest (D:3)
  An ooze (D:2)
  A worm (D:2)
  A dart slug (D:3)
  A leopard gecko (D:1)
  An orc (D:3)
  2 bats
  A giant cockroach (D:1)
  3 hobgoblins
  A quokka (D:3)
  A frilled lizard (D:2)
  2 goblins
  A kobold (D:3)
  5 rats
22 creatures vanquished.

Vanquished Creatures (others)
  6 plants (D:3)
6 creatures vanquished.

Grand Total: 28 creatures vanquished

Notes
Turn   | Place    | Note
-------+----------+-------------------------------------------
     0 | D:1      | jmmainvi the Gargoyle Earth Elementalist began the quest
                  | for the Orb.
     0 | D:1      | Reached XP level 1. HP: 10/10 MP: 3/3
   364 | D:1      | Reached skill level 1 in Transmutations
   728 | D:1      | Reached skill level 4 in Earth Magic
   730 | D:1      | Reached XP level 2. HP: 8/15 MP: 5/5
  2233 | D:3      | Reached XP level 3. HP: 19/19 MP: 6/6
  2524 | D:3      | Reached skill level 5 in Earth Magic
  2524 | D:3      | Reached XP level 4. HP: 24/24 MP: 1/7
  2548 | D:3      | Killed from afar by an orc priest

Illustrated notes

Levels and vault maps discovered:
D:1:      sevenhm_arrival_forest_fort_large_2, layout_basic
D:2:      layout_basic, hangedman_feature_mirror
D:3:      minmay_bubble_buster, layout_basic, chequers_big_river,
          minmay_misc_feat_encased, chequers_serial_rivers_micro_c,
          uniq_crazy_yiuf_cottage, uniq_natasha, uniq_robin

Skill      XL: |  1  2  3 |
---------------+----------+-----
Transmutations | 1 |  1.0
Earth Magic    | 4 5 |  5.2
Dodging        | |  1.5
Stealth        | |  2.1
Spellcasting   | |  2.6

Action                   |  1- 3 |  4- 6 || total
-------------------------+-------+-------++-------
Melee: Spear             |    28 |       ||    28
       Trident           |    29 |     4 ||    33
 Cast: Sandblast         |    12 |     1 ||    13
 Stab: Sleeping          |     4 |       ||     4
Armor: Robe              |    14 |     2 ||    16
Dodge: Dodged            |    36 |     7 ||    43
